 Dungeon Sprint DCSS version 0.32-a0-422-g28b100f618 (webtiles) character file.

Game seed: 8168373420526374955

383 adelrune the Basher (level 6, -5/62 HPs)
             Began as a Minotaur Fighter on Feb 21, 2024.
             Was an Initiate of Jiyva.
             Slain by a two-headed ogre
             ... wielding a +0 giant club
              (15 damage)
             ... in the Dungeon (Sprint IX: "|||||||||||||||||||||||||||||").
             The game lasted 00:01:15 (188 turns).

adelrune the Basher (Minotaur Fighter)               Turns: 188, Time: 00:01:15

Health: -5/62      AC: 10    Str: 22    XL:     6   Next: 47%
Magic:  5/5        EV: 12    Int:  5    God:    Jiyva [......]
Gold:   0          SH:  6    Dex: 13    Spells: 5/5 levels left

rFire   . . .        a - +0 flail
rCold   . . .        c - +0 buckler
rNeg    . . .        o - +2 ring mail
rPois   .            (helmet restricted)
rElec   .            (no cloak)
rCorr   .            (no gloves)
SInv    .            n - +0 pair of boots
Will    .....        (no amulet)
Stlth   +            q - +2 ring of evasion
HPRegen 0.30/turn    p - +3 ring of dexterity
MPRegen 0.09/turn

%: no teleportation
@: no status effects
A: horns 2, retaliatory headbutt
a: Renounce Religion


You were in the Dungeon.
You worshipped Jiyva.
Jiyva was noncommittal.
You visited 1 branch

Inventory:

Hand Weapons
 a - a +0 flail (weapon)
Armour
 b - a +0 scale mail
 c - a +0 buckler (worn)
 n - a +0 pair of boots (worn)
 o - a +2 ring mail (worn)
Jewellery
 p - a +3 ring of dexterity (right hand)
 q - a +2 ring of evasion (left hand)
Wands
 m - a wand of roots (10)
Scrolls
 j - 2 scrolls of blinking
 l - 2 scrolls of amnesia
Potions
 d - a potion of might
 e - 5 potions of curing
 f - 3 potions of heal wounds
 g - a potion of haste
 h - 4 potions of magic
 i - a potion of berserk rage
 k - a potion of invisibility


   Skills:
 + Level 8.5 Fighting
 * Level 10.6 Maces & Flails
 + Level 8.4 Armour
 + Level 8.4 Shields


You had 5 spell levels left.
You didn't know any spells.
Your spell library was empty.

Dungeon Overview and Level Annotations

Branches:
Dungeon (1/1)

Altars:
Cheibriados
Dithmenos
Elyvilon
Fedhas
Gozag
Hepliaklqana
Kikubaaqudgha
Makhleb
Nemelex Xobeh
Okawaru
Qazlal
Ru
Sif Muna
Trog
Uskayaw
Vehumet
Wu Jian
Xom
Yredelemnul
Zin
The Shining One
Beogh
Jiyva
Lugonu


Innate Abilities, Weirdness & Mutations

You have a pair of horns on your head.
You reflexively headbutt those who attack you in melee.


Message History

You hit the komodo dragon but do no damage.
Your headbutt misses the komodo dragon.
The komodo dragon is moderately wounded.
You block the komodo dragon's attack.
You thump the komodo dragon! Your headbutt misses the komodo dragon.
The komodo dragon is severely wounded.
The komodo dragon bites you but does no damage.
You hit the komodo dragon but do no damage.
The komodo dragon is severely wounded.
The komodo dragon bites you!
You hit the komodo dragon. Your headbutt misses the komodo dragon.
The komodo dragon is severely wounded.
The komodo dragon bites you.
You hit the komodo dragon but do no damage.
The komodo dragon is severely wounded.
The komodo dragon bites you but does no damage.
You sock the komodo dragon!
You kill the komodo dragon!
Your Fighting skill gained 2 levels and is now at level 8!
Your Maces & Flails skill gained 3 levels and is now at level 10!
Your Armour skill gained 2 levels and is now at level 8!
Your Shields skill gained 2 levels and is now at level 8!
You have reached level 5!
You have reached level 6!
You sock the two-headed ogre! You headbutt the two-headed ogre!
The two-headed ogre is heavily wounded.
The two-headed ogre hits you with a +0 giant club! x2
You thump the two-headed ogre!
The two-headed ogre is severely wounded.
The two-headed ogre hits you with a +0 giant club!
* * * LOW HITPOINT WARNING * * *
The two-headed ogre closely misses you.
You sock the two-headed ogre! You headbutt the two-headed ogre.
The two-headed ogre is almost dead.
You hit the two-headed ogre.
The two-headed ogre is almost dead.
The two-headed ogre closely misses you.
The two-headed ogre hits you with a +0 giant club!
You die...
Jiyva sends a jelly to digest your remains. ▓▓▓▓▓▓▓▓▓▓▓▓▓▓▓▓▓▓▓▓▓▓▓▓ ..zDTYO@...[.)..'_______ ▓▓▓▓▓▓▓▓▓▓▓▓▓▓▓▓▓▓▓▓▓▓▓▓

You could see a two-headed ogre, a yak, a troll, a steam dragon and a wight.

Vanquished Creatures
  A komodo dragon (D)
  2 hounds (D)
  A jelly (D)
  An iguana (D)
  A quokka (D)
  A ball python (D)
  3 kobolds (D)
  A rat (D)
11 creatures vanquished.

Vanquished Creatures (others)
  2 great orbs of eyes (D)
  A glowing orange brain (D)
  A shining eye (shapeshifter) (D)
4 creatures vanquished.

Grand Total: 15 creatures vanquished

Notes
Turn   | Place    | Note
-------+----------+-------------------------------------------
     0 | D        | adelrune the Minotaur Fighter began the quest for the Orb.
     0 | D        | Reached XP level 1. HP: 19/19 MP: 0/0
    12 | D        | Reached skill level 3 in Maces & Flails
    16 | D        | Noticed a jelly
    16 | D        | Noticed a hound
    16 | D        | Noticed a hound
    16 | D        | Noticed an iguana
    18 | D        | Killed an iguana
    19 | D        | Reached skill level 5 in Fighting
    19 | D        | Reached skill level 4 in Maces & Flails
    19 | D        | Reached skill level 5 in Armour
    19 | D        | Reached skill level 5 in Shields
    19 | D        | Reached XP level 2. HP: 24/29 MP: 1/1
    19 | D        | Reached XP level 3. HP: 30/36 MP: 2/2
    22 | D        | Reached skill level 5 in Maces & Flails
    28 | D        | Reached skill level 6 in Maces & Flails
    28 | D        | Reached XP level 4. HP: 30/44 MP: 3/3
    31 | D        | Reached skill level 7 in Maces & Flails
   106 | D        | Found a roughly hewn altar of Beogh.
   106 | D        | Found a snail-covered altar of Cheibriados.
   106 | D        | Found a shadowy altar of Dithmenos.
   106 | D        | Found a white marble altar of Elyvilon.
   106 | D        | Found a blossoming altar of Fedhas.
   106 | D        | Found an opulent altar of Gozag.
   107 | D        | Found a hazy altar of Hepliaklqana.
   108 | D        | Found a viscous altar of Jiyva.
   109 | D        | Found an ancient bone altar of Kikubaaqudgha.
   110 | D        | Found a corrupted altar of Lugonu.
   115 | D        | Found a burning altar of Makhleb.
   116 | D        | Found a sparkling altar of Nemelex Xobeh.
   117 | D        | Found an iron altar of Okawaru.
   118 | D        | Found a stormy altar of Qazlal.
   119 | D        | Found a sacrificial altar of Ru.
   120 | D        | Became a worshipper of Jiyva Janis the Shapeless
   121 | D        | Found a shimmering blue altar of Sif Muna.
   122 | D        | Found a bloodstained altar of Trog.
   123 | D        | Found a hide-covered altar of Uskayaw.
   123 | D        | Killed a great orb of eyes
   124 | D        | Found a radiant altar of Vehumet.
   124 | D        | Killed a great orb of eyes
   125 | D        | Found an ornate altar of the Wu Jian Council.
   126 | D        | Found a shimmering altar of Xom.
   127 | D        | Found a basalt altar of Yredelemnul.
   128 | D        | Found a glowing silver altar of Zin.
   129 | D        | Found a glowing golden altar of the Shining One.
   130 | D        | Killed a shining eye
   139 | D        | Killed a glowing orange brain
   174 | D        | Noticed a steam dragon
   174 | D        | Noticed a troll
   174 | D        | Noticed a yak
   174 | D        | Noticed a two-headed ogre
   174 | D        | Noticed a komodo dragon
   184 | D        | Killed a komodo dragon
   185 | D        | Reached skill level 10 in Maces & Flails
   185 | D        | Reached XP level 5. HP: 40/56 MP: 4/4
   185 | D        | Reached XP level 6. HP: 44/62 MP: 5/5
   188 | D        | Slain by a two-headed ogre

Illustrated notes

Levels and vault maps discovered:
D:        linesprint [early_d, line_temple, items_1, d_10, items_2, lair_1,
          lair_end, items_3, orc_1, orc_end, items_4, d_15, swamp_1, shoals_1,
          snake_1, spider_1, d_20, vaults_1, items_5, swamp_end, shoals_end,
          snake_end, spider_end, vaults_end, d_27, items_6, zot_1, zot_end,
          crypt_end, forest_end, elf_end, slime_end, tomb_end, abyss_end,
          pan_hell_end]

Skill      XL: |  1  2  3  4 |
---------------+-------------+-----
Fighting       | 5 6 8 |  8.5
Armour         | 5 6 8 |  8.4
Shields        | 5 6 8 |  8.4
Maces & Flails | 4 6 10 | 10.6

Action                     |  1- 3 |  4- 6 || total
---------------------------+-------+-------++-------
  Melee: Flail             |    17 |    18 ||    35
         Headbutt          |     1 |     3 ||     4
 Armour: Scale mail        |    11 |       ||    11
         Ring mail         |       |     9 ||     9
  Dodge: Dodged            |     6 |     5 ||    11
  Block: Buckler           |     5 |     4 ||     9

Table legend: (Time is in decaauts)
 A = Elapsed time spent in this place.
 B = Non-inter-level travel time spent in this place.
 C = Inter-level travel time spent in this place.
 D = Time resting spent in this place.
 E = Time spent auto-exploring this place.
 F = Levels seen in this place.
 G = Mean time per level.
                   A        B        C        D        E       F      G
               +--------+--------+--------+--------+--------+-----+--------+
         Total |    190 |    190 |      0 |     68 |      0 |   1 |  190.0 |
       Dungeon |    190 |    190 |      0 |     68 |      0 |   1 |  190.0 |
               +--------+--------+--------+--------+--------+-----+--------+

Top non-repeatable levels by time:
       D: 190 daAuts
